 Dungeon Crawl Stone Soup version 0.23.0-33-g5e6c059 (webtiles) character file.

Game seed: 7325116660126996909

971 Borgoz the Ruffian (level 8, -1/66 HPs)
             Began as a Ghoul Enchanter on Feb 26, 2019.
             Killed from afar by an orc wizard (8 damage)
             ... with a magic dart
             ... on level 5 of the Dungeon.
             The game lasted 00:12:09 (4686 turns).

Borgoz the Ruffian (Ghoul Enchanter)                Turns: 4686, Time: 00:12:10

Health: -1/66      AC:  4    Str: 12    XL:     8   Next: 16%
Magic:  10/10      EV: 14    Int: 10    God:
Gold:   317        SH:  0    Dex: 16    Spells: 5/11 levels left

rFire    . . .     SeeInvis .     - Unarmed
rCold    + . .     Gourm    .   (no shield)
rNeg     + + +     Faith    .   j - +0 leather armour
rPois    ∞         Spirit   .   p - +0 helmet (curse)
rElec    .         Reflect  .   (no cloak)
rCorr    .         Harm     .   (no gloves)
MR       .....                  (no boots)
Stlth    ++........             (no amulet)
HPRegen  0.00/turn              l - +5 ring of dexterity
MPRegen  0.12/turn              (no ring)

@: rotting
A: rotting body, claws 1, carnivore, cold resistance 1, negative energy
resistance 3, inhibited regeneration, torment resistance, unbreathing
a: no special abilities


You were on level 5 of the Dungeon.
You were not hungry.

You visited 1 branch of the dungeon, and saw 5 of its levels.
You also visited: Ossuary.

You collected 317 gold pieces.

Inventory:

Armour
 j - a +0 leather armour (worn)
 p - a cursed +0 helmet (worn)
Jewellery
 e - an uncursed ring of ice
 l - a +5 ring of dexterity (left claw)
Scrolls
 a - a scroll of fog
 c - 3 scrolls of remove curse
 f - a scroll of amnesia
 g - a scroll of enchant armour {unknown}
 h - 8 scrolls of identify
 i - 2 scrolls of enchant weapon
 m - 2 scrolls of magic mapping {unknown}
 n - 2 scrolls of teleportation {unknown}
 o - a scroll of torment {unknown}
Comestibles
 d - 11 rations


   Skills:
 + Level 3.9 Fighting
   Level 0.8 Short Blades
 + Level 4.5 Dodging
 - Level 3.5 Stealth
 * Level 6.8 Unarmed Combat
 + Level 2.2 Spellcasting
 + Level 2.7 Hexes


You had 5 spell levels left.
You knew the following spells:

 Your Spells              Type           Power        Failure   Level  Hunger
a - Corona                Hex            #......      13%         1    ##.....
b - Ensorcelled Hibernat  Hex/Ice        #.....       32%         2    ###....
c - Confuse               Hex            #.......     36%         3    ####...

Your spell library contained the following spells:

 Spells                   Type           Power        Failure   Level  Hunger
 Tukima's Dance           Hex            #.......     36%         3    ####...
 Dazzling Spray           Conj/Hex       #.....       54%         3    ####...


Dungeon Overview and Level Annotations

Branches:
Dungeon (5/15)
 Temple: D:4-7

Altars:
Trog
Wu Jian
The Shining One

Shops:
D:4 :


Innate Abilities, Weirdness & Mutations

Your body is rotting away.
You thrive on raw meat.
You are immune to poison.
You have sharp fingernails.
You are carnivorous and can eat meat at any time.
Your flesh is cold resistant. (rC+)
You are immune to negative energy. (rN+++)
You do not regenerate when monsters are visible.
You are immune to unholy pain and torment.
You can survive without breathing.


Message History

The orc priest is almost dead.
You closely miss the orc priest. You claw the orc priest.
You kill the orc priest!
Things that are here:
a +2 dagger of speed; a +0 robe There isn't anything to butcher here.
Okay, then.
You now have 317 gold pieces (gained 15).
There are no items here.
There is an open door here.
The orc wizard shouts!
The orc wizard casts a spell at you. The magic dart hits you.
* * * LOW HITPOINT WARNING * * *
You close the door.
An orc wizard is nearby!
You open the door.
The orc wizard points at you and mumbles some strange words.
The magic dart hits you!
You die...

#....#..#.......#.##..# ..#
#....#..#......#####..##..#
#....'..#......#..........#
#....#..'...o..#..........#
#....#.÷#......#..........#
#....#..#......#..........#
#....#..#......#####..#####
#....#..###+#....###..##..#
#....#......+...@'........#
#....#......#....#........#
#....#......#....#######..#
#....#.."...#....#....##..#
#....#......#....#........#
#....#......'....#........#
#....#......#....#....##..#
#....#......#....#....##..#
#....#......#....#.....#..#


You could see an orc wizard.

Vanquished Creatures
  Grinder (D:5)
  A phantom (D:4)
  An ogre (D:4)
  A centaur (D:5)
  A bullfrog zombie (D:3)
  A bullfrog skeleton (D:2)
  A crimson imp (D:5)
  3 hounds
  An orc priest (D:5)
  2 orc wizards
  3 worker ants
  4 mummies (Ossuary)
  A worker ant zombie (D:5)
  5 adders
  A howler monkey skeleton (D:4)
  3 worms
  2 dart slugs (D:1)
  3 leopard geckos
  7 orcs
  6 giant cockroaches
  9 goblins
  3 hobgoblins
  4 jackals (D:2)
  A quokka (D:4)
  A ball python (D:4)
  5 bats
  6 frilled lizards
  2 gnoll zombies (Ossuary)
  A goblin zombie (Ossuary)
  A hobgoblin zombie (Ossuary)
  7 kobolds
  4 kobold zombies (Ossuary)
  A leopard gecko skeleton (D:4)
  2 orc zombies (Ossuary)
  4 rats (D:3)
  2 rat zombies (Ossuary)
101 creatures vanquished.

Notes
Turn   | Place    | Note
-------+----------+-------------------------------------------
     0 | D:1      | Borgoz the Ghoul Enchanter began the quest for the Orb.
     0 | D:1      | Reached XP level 1. HP: 14/14 MP: 2/2
   388 | D:1      | Reached skill level 1 in Unarmed Combat
   388 | D:1      | Reached XP level 2. HP: 6/20 MP: 3/3
   939 | D:2      | Reached skill level 2 in Unarmed Combat
   939 | D:2      | Reached XP level 3. HP: 12/26 MP: 4/4
  1173 | D:2      | Learned a level 2 spell: Ensorcelled Hibernation
  1281 | D:2      | Reached XP level 4. HP: 28/33 MP: 5/5
  1475 | D:2      | Reached skill level 3 in Unarmed Combat
  1518 | D:2      | You fall through a shaft!
  1839 | D:3      | Found a glowing golden altar of the Shining One.
  2039 | D:3      | Reached XP level 5. HP: 11/39 MP: 6/6
  2043 | D:3      | Reached skill level 1 in Fighting
  2363 | D:3      | Reached skill level 4 in Unarmed Combat
  2757 | D:3      | Found an ornate altar of the Wu Jian Council.
  2900 | D:4      | Noticed an ogre
  2930 | D:4      | Killed an ogre
  2930 | D:4      | Reached XP level 6. HP: 48/48 MP: 5/7
  2966 | D:4      | Found Zumawk's Book Shop.
  3044 | D:4      | Reached skill level 5 in Unarmed Combat
  3128 | D:4      | Noticed a phantom
  3174 | D:4      | Killed a phantom
  3174 | D:4      | Reached XP level 7. HP: 24/56 MP: 8/8
  3404 | D:5      | Entered Level 5 of the Dungeon
  3451 | D:5      | Found a sand-covered staircase.
  3460 | Ossuary  | Entered an ossuary
  4262 | D:5      | Found a bloodstained altar of Trog.
  4272 | D:5      | Reached skill level 6 in Unarmed Combat
  4589 | D:5      | Noticed Grinder
  4610 | D:5      | Killed Grinder
  4610 | D:5      | Reached XP level 8. HP: 40/62 MP: 7/10
  4615 | D:5      | Learned a level 3 spell: Confuse
  4686 | D:5      | Killed from afar by an orc wizard

Skill      XL: |  1  2  3  4  5  6  7 |
---------------+----------------------+-----
Dodging        | 2 3 4 |  4.5
Unarmed Combat | 1 2 3 4 5 6 |  6.8
Fighting       | 2 3 |  3.9
Spellcasting   | 2 |  2.2
Short Blades   | |  0.8
Stealth        | |  3.5
Hexes          | |  2.7

Action                   |  1- 3 |  4- 6 |  7- 9 || total
-------------------------+-------+-------+-------++-------
Melee: Unarmed           |   122 |   234 |   137 ||   493
       Punch             |     1 |     2 |     8 ||    11
 Cast: Corona            |       |     9 |     3 ||    12
       Ensorcelled Hiber |       |     7 |       ||     7
  Use: Scroll            |       |     4 |     5 ||     9
       Potion            |       |     1 |     1 ||     2
 Stab: Sleeping          |     4 |     3 |     2 ||     9
  Eat: Chunk             |     9 |    22 |     7 ||    38
Armor: Leather armour    |    26 |    45 |    19 ||    90
       Robe              |     4 |       |       ||     4
Dodge: Dodged            |    71 |   129 |    73 ||   273
